 Dungeon Crawl Stone Soup version 0.28-a0-425-gd0eccab798 (webtiles) character file.

Game seed: 15239919378349334058

4605 Goblin1989 the Cleaver (level 10, -1/86 HPs)
             Began as a Demonspawn Cinder Acolyte on Sept 8, 2021.
             Was a High Priest of Ignis.
             Slain by an unseen horror (5 damage)
             ... on level 11 of the Dungeon on Sept 9, 2021.
             The game lasted 00:42:55 (14936 turns).

Goblin1989 the Cleaver (Demonspawn Cinder Acolyte) Turns: 14936, Time: 00:42:57

Health: -1/86      AC: 17    Str: 19    XL:     10   Next: 19%
Magic:  11/11      EV:  6    Int: 15    God:    Ignis [*****.]
Gold:   173        SH:  9    Dex:  8    Spells: 9/11 levels left

rFire   + + +      SeeInvis .   a - +0 hand axe (flame)
rCold   . . .      Faith    .   V - +1 kite shield
rNeg    . . .      Spirit   .   J - +0 chain mail
rPois   .          Reflect  .   (helmet restricted)
rElec   .          Harm     .   D - +2 cloak
rCorr   .          Rampage  .   (no gloves)
Will    .....                   x - +0 pair of boots
Stlth   ..........              (no amulet)
HPRegen 0.24/turn               f - ring of protection from fire
MPRegen 0.12/turn               w - ring of protection from fire

@: no status effects
A: horns 1, molten scales 2, powered by death 2, fire resistance 1, robust 1,
screaming 1
a: Renounce Religion, Sea of Fire, Foxfire Swarm, Rising Flame


You were on level 11 of the Dungeon.
You worshipped Ignis.
Ignis was extremely pleased with you.
You visited 1 branch of the dungeon, and saw 11 of its levels.
You also visited: Ossuary.

You collected 713 gold pieces.
You spent 540 gold pieces at shops.

Inventory:

Hand Weapons
 a - a +0 hand axe of flaming (weapon)
 E - a +1 dagger of chaos
Missiles
 v - 2 silver javelins {@Q2}
 X - 8 boomerangs (quivered)
 Y - 26 poisoned darts
Armour
 x - a +0 pair of boots (worn)
 D - a +2 cloak (worn)
 H - the +1 robe of Refot {+Inv rPois Str+2}
   (You found it on level 10 of the Dungeon)

   Str:       It affects your strength (+2).
   rPois:     It protects you from poison.
   +Inv:      It lets you turn invisible.
 I - the +1 leather armour of Discretion {Will+}
   (You found it on level 9 of the Dungeon)

   Will:      It increases your willpower.
 J - a +0 chain mail (worn)
 O - the +3 leather armour "Yvicke" {+Blink rF++ rCorr Str-2}
   (You found it on level 7 of the Dungeon)

   Str:       It affects your strength (-2).
   rF:        It greatly protects you from fire.
   +Blink:    It lets you blink.
   rCorr:     It protects you from acid and corrosion.
 V - a +1 kite shield (worn)
Jewellery
 f - a ring of protection from fire (left hand)
 g - a ring of resist corrosion
 w - a ring of protection from fire (right hand)
Wands
 F - a wand of paralysis (2) {@v7}
 K - a wand of mindburst (5)
Scrolls
 c - a scroll of enchant weapon
 h - 5 scrolls of fog
 i - 2 scrolls of enchant armour
 k - a scroll of immolation
 l - 2 scrolls of silence
 u - a scroll of summoning
 B - a scroll of blinking
 L - a scroll of vulnerability
 R - a scroll of identify {@r1}
 S - a scroll of amnesia {unknown}
 T - 5 scrolls of teleportation {!r, @r2}
Potions
 n - 5 potions of brilliance
 o - 4 potions of flight
 p - 3 potions of heal wounds {@q2}
 r - 2 potions of invisibility
 G - 2 potions of mutation {!q}
 N - a potion of attraction
 P - 3 potions of ambrosia
 Q - 4 potions of haste {@q3,}
 U - 4 potions of curing {@q1}
 W - 2 potions of cancellation
 Z - a potion of might {@q4}


   Skills:
 + Level 7.3 Fighting
 * Level 9.8 Axes
 - Level 2.0 Throwing
 + Level 5.0 Armour
 - Level 2.0 Dodging
 + Level 4.9 Shields
 - Level 1.0 Spellcasting
 - Level 2.6 Fire Magic


You had 9 spell levels left.
You knew the following spells:

 Your Spells              Type           Power      Damage    Failure   Level
a - Scorch                Fire           16%        2d5       99%         2

Your spell library contained the following spells:

 Spells                   Type           Power      Damage    Failure   Level
 Foxfire                  Conj/Fire      16%        2x1d4     99%         1
 Ensorcelled Hibernation  Hex/Ice        0%         N/A       100%        2
 Slow                     Hex            0%         N/A       100%        2
 Static Discharge         Conj/Air       0%         N/A       100%        2
 Conjure Flame            Conj/Fire      4%         6-21      100%        3
 Frozen Ramparts          Ice            0%         1d2       100%        3
 Inner Flame              Hex/Fire       4%         N/A       100%        3
 Tukima's Dance           Hex            0%         N/A       100%        3
 Cause Fear               Hex            0%         N/A       100%        4
 Dispel Undead            Necr           0%         3d6       100%        4
 Flame Wave               Conj/Fire      4%         3d3       100%        4
 Fulminant Prism          Conj/Hex       0%         3d6       100%        4
 Iskenderun's Mystic Bla  Conj/Tloc      0%         2d3       100%        4
 Sticky Flame             Conj/Fire      4%         2d3       100%        4
 Lee's Rapid Deconstruct  Erth           0%         3d5*      100%        5
 Metabolic Englaciation   Hex/Ice        0%         N/A       100%        5


Dungeon Overview and Level Annotations

Branches:
Dungeon (11/15)            Temple (0/1) D:6            Lair (0/6) D:11
    Orc (0/2) D:9         Ossuary (visited)

Altars:
Fedhas
Gozag
Kikubaaqudgha
Makhleb
Okawaru
Trog
Zin

Shops:
D:1 !

Portals:
Ice
Cave: D:11

Annotations:
D:4 1 runed translucent door, Crazy Yiuf
D:8 exclusions: electric eel and 1 more exclusion


Innate Abilities, Weirdness & Mutations

You have a pair of small horns on your head.
You are mostly covered in molten scales. (AC +3)
You regenerate health from kills.
Your flesh is heat resistant. (rF+)
You are robust. (+10% HP)
You occasionally shout uncontrollably at your foes.


Message History

You take 4 damage, and have 16/86 hp.
You closely miss something. Something hits you.
* * * LOW HITPOINT WARNING * * *
Something hits you.
* * * LOW HITPOINT WARNING * * *
You take 4 damage, and have 12/86 hp.
You barely miss something. Your headbutt misses something.
Something hits you but does no damage. x2
You hit something but do no damage. Your headbutt misses something.
Something hits you but does no damage. x2; Something hits you.
* * * LOW HITPOINT WARNING * * *
You take 3 damage, and have 9/86 hp.
You hit something. You burn something.
Something hits you but does no damage. x2
You hit something but do no damage. Your headbutt misses something.
Something hits you.
* * * LOW HITPOINT WARNING * * *
You take 5 damage, and have 4/86 hp.
You feel much better. Something hits you but does no damage.
You regained 23 hp, and now have 27/86 hp.
Something hits you but does no damage. Something hits you but does no damage.
Something hits you but does no damage. Something hits you.
* * * LOW HITPOINT WARNING * * *
You take 1 damage, and have 26/86 hp.
Something hits you but does no damage.
You hit something. You burn something. Your headbutt misses something.
Something hits you but does no damage. x2
You miss something. Something hits you!
* * * LOW HITPOINT WARNING * * *
Something hits you!
* * * LOW HITPOINT WARNING * * *
You take 16 damage, and have 10/86 hp.
You hit something. You burn something. Your headbutt misses something.
You block something's attack.
You closely miss something. You headbutt something.
Something hits you but does no damage.
You closely miss something. Something hits you.
* * * LOW HITPOINT WARNING * * *
You take 2 damage, and have 8/86 hp.
Something hits you but does no damage.
Found a potion of flight.
You block something's attack. Something hits you but does no damage.
Something hits you but does no damage. Something hits you.
* * * LOW HITPOINT WARNING * * *
You take 1 damage, and have 8/86 hp.
You feel much better. Something hits you but does no damage.
You regained 11 hp, and now have 19/86 hp.
Something hits you but does no damage. Something hits you but does no damage.
Something hits you.
* * * LOW HITPOINT WARNING * * *
You take 1 damage, and have 19/86 hp.
Something hits you but does no damage. Something hits you but does no damage.
Something hits you.
* * * LOW HITPOINT WARNING * * *
You take 3 damage, and have 16/86 hp.
Something hits you!
* * * LOW HITPOINT WARNING * * *
You take 7 damage, and have 9/86 hp.
You barely miss something. Something hits you.
* * * LOW HITPOINT WARNING * * *
You take 6 damage, and have 3/86 hp.
Unknown command.
You block something's attack. Something hits you but does no damage.
Something hits you but does no damage.
You hit something. You burn something. You headbutt something.
You block something's attack. Something hits you.
* * * LOW HITPOINT WARNING * * *
You take 1 damage, and have 3/86 hp.
You barely miss something. You block something's attack.
Something hits you but does no damage.
You miss something. Something hits you.
* * * LOW HITPOINT WARNING * * *
Something hits you but does no damage.
You take 1 damage, and have 2/86 hp.
You miss something. Something hits you but does no damage.
You block something's attack.
Something hits you but does no damage. x2
You barely miss something. You headbutt something.
You hear the faint crackling of a melting archway very nearby.
You block something's attack.
Something hits you but does no damage. x2
Something hits you but does no damage. Something hits you but does no damage.
Found a frozen archway.
You block something's attack. You block something's attack.
Something hits you but does no damage.
Your shield and chain mail prevent you from hitting something.
Something hits you.
* * * LOW HITPOINT WARNING * * *
You block something's attack.
You take 2 damage, and have 3/86 hp.
You slash something! You burn something. Something hits you but does no damage.
Unknown command.
Something hits you but does no damage.
You barely miss something.
Something hits you but does no damage. x2
You hit something but do no damage. You block something's attack.
Something hits you but does no damage. Something hits you.
You die...

▓·········▓▓▓·▓·▓ █.█
▓....▲▓·····..█·▓ █.█
█▓·.█..··>···..█·▓▓█.█
█.·....···▓··...···█.█
█.█·∩.█···▓·▓█.█████..
▓......·····▓█.█......
▓▓█.█.█·<█████.█.██...
█...█.██..!..█......
▓▓█@█...........█...
█{████.██████.█.██ █.█
█.█ █.█..· █.█ █.█
▓.███▓ ██.████.█ ▓.█
█.......█ ▓.█


█████████ ▓.█ ▓.█ ▓·▓ There were no monsters in sight!

Vanquished Creatures
  Psyche (D:10)
  A troll (D:10)
  A wraith (D:9)
  A water elemental (D:11)
  A wyvern (D:10)
  A basilisk (D:9)
  2 steam dragons
  A water moccasin (D:6)
  2 orc warriors
  2 hornet zombies (D:8)
  A necrophage (D:4)
  2 sky beasts
  2 black bears
  2 centaurs
  A kobold brigand (D:5)
  3 bullfrogs
  A scorpion (D:7)
  A wyvern skeleton (D:5)
  A water moccasin skeleton (D:5)
  11 killer bees
  A wight (D:8)
  5 howler monkeys
  A centaur zombie (D:9)
  2 orc priests
  2 hounds
  A gnoll shaman (D:7)
  4 bullfrog skeletons
  3 centaur skeletons
  Jessica (D:2)
  Terence (D:2)
  2 iguanas
  5 orc wizards
  8 mummies (Ossuary)
  9 gnolls
  13 adders
  A howler monkey skeleton (D:5)
  A white imp (D:8)
  An adder skeleton (D:4)
  2 worms
  2 dart slugs
  26 orcs
  2 bats
  6 endoplasms
  A giant cockroach (D:3)
  3 gnoll zombies (Ossuary)
  11 hobgoblins
  11 jackals
  3 quokkas
  11 ball pythons
  2 frilled lizards
  5 goblins
  2 hobgoblin zombies (Ossuary)
  10 kobolds
  2 kobold zombies (Ossuary)
  An orc zombie (Ossuary)
  A quokka skeleton (D:4)
  6 rats
206 creatures vanquished.

Vanquished Creatures (others)
  7 foxfires (D:7)
  4 fungi (D:4)
11 creatures vanquished.

Grand Total: 217 creatures vanquished

Notes
Turn   | Place    | Note
-------+----------+-------------------------------------------
     0 | D:1      | Goblin1989 the Demonspawn Cinder Acolyte began the quest
                  | for the Orb.
     0 | D:1      | Reached XP level 1. HP: 18/18 MP: 2/2
    71 | D:1      | Reached skill level 3 in Axes
   254 | D:1      | Gained mutation: You regenerate a little health from kills.
                  | [demonic ancestry]
   254 | D:1      | Reached XP level 2. HP: 20/24 MP: 3/3
   662 | D:1      | Learned a level 2 spell: Scorch
   800 | D:1      | Found Qudway's Distillery.
  1280 | D:1      | Bought a potion of degeneration for 12 gold pieces
  1516 | D:2      | Found a faded altar of an unknown god.
  1847 | D:2      | Gained mutation: You are partially covered in molten
                  | scales. (AC +2) [demonic ancestry]
  1847 | D:2      | Reached XP level 3. HP: 17/29 MP: 4/4
  2072 | D:2      | Noticed Jessica
  2268 | D:2      | Killed Jessica
  2269 | D:2      | Reached skill level 1 in Dodging
  2494 | D:2      | Reached skill level 1 in Armour
  2563 | D:2      | Reached skill level 4 in Axes
  2580 | D:2      | Gained mutation: You are mostly covered in molten scales.
                  | (AC +3) [demonic ancestry]
  2580 | D:2      | Reached XP level 4. HP: 26/35 MP: 5/5
  3053 | D:2      | Noticed Terence
  3081 | D:2      | Gained mutation: You occasionally shout uncontrollably at
                  | your foes. [potion of mutation]
  3081 | D:2      | Gained mutation: Your flesh is heat resistant. (rF+)
                  | [potion of mutation]
  3081 | D:2      | Gained mutation: You are robust. (+10% HP) [potion of
                  | mutation]
  3096 | D:2      | Killed Terence
  3097 | D:2      | Gained mutation: You regenerate health from kills. [demonic
                  | ancestry]
  3097 | D:2      | Reached XP level 5. HP: 24/45 MP: 6/6
  3360 | D:1      | Bought a potion of lignification for 36 gold pieces
  3505 | D:3      | Found a bloodstained altar of Trog.
  3774 | D:3      | Found an iron altar of Okawaru.
  4144 | D:4      | Noticed a centaur
  4648 | D:4      | Killed a centaur
  4649 | D:4      | Reached skill level 5 in Axes
  4649 | D:4      | Gained mutation: You have a pair of small horns on your
                  | head. [demonic ancestry]
  4649 | D:4      | Reached XP level 6. HP: 45/51 MP: 7/7
  4653 | D:4      | Found an ancient bone altar of Kikubaaqudgha.
  4707 | D:4      | Noticed a steam dragon
  4796 | D:4      | Killed a steam dragon
  4965 | D:4      | Reached XP level 7. HP: 46/59 MP: 8/8
  5456 | D:4      | Found a runed translucent door.
  5457 | D:4      | Noticed Crazy Yiuf
  5543 | D:4      | Reached skill level 6 in Axes
  5622 | D:4      | Found an opulent altar of Gozag.
  5723 | D:5      | Entered Level 5 of the Dungeon
  5792 | D:5      | Upgraded the game from 0.28-a0-413-gde365fb1df to
                  | 0.28-a0-422-gd71735cc25
  6371 | D:5      | Reached XP level 8. HP: 19/67 MP: 9/9
  6624 | D:5      | Reached skill level 1 in Shields
  6795 | D:6      | Reached skill level 5 in Fighting
  6795 | D:6      | Reached skill level 7 in Axes
  6805 | D:6      | Found a staircase to the Ecumenical Temple.
  6941 | D:6      | Reached skill level 1 in Throwing
  8093 | D:7      | Got the Compendium of Ice and Malediction
  8116 | D:7      | Found a blossoming altar of Fedhas.
  9140 | D:7      | Identified the +3 leather armour "Yvicke" {+Blink rF++
                  | rCorr Str-2}
  9162 | D:7      | Reached skill level 8 in Axes
  9162 | D:7      | Reached XP level 9. HP: 57/75 MP: 10/10
  9933 | D:8      | Found a sand-covered staircase.
  9944 | Ossuary  | Entered an ossuary
 11816 | D:9      | Reached skill level 9 in Axes
 12208 | D:9      | Found a staircase to the Orcish Mines.
 13049 | D:1      | Bought 2 potions of haste for 240 gold pieces
 13049 | D:1      | Bought a potion of attraction for 36 gold pieces
 13049 | D:1      | Bought a potion of invisibility for 96 gold pieces
 13049 | D:1      | Bought a potion of haste for 120 gold pieces
 13343 | D:9      | Identified the +1 leather armour of Discretion {Will+}
 13408 | D:10     | Entered Level 10 of the Dungeon
 13408 | D:10     | Noticed a two-headed ogre
 13636 | D:10     | Identified the +1 robe of Refot {+Inv rPois Str+2}
 13892 | D:10     | Noticed Psyche
 13988 | D:10     | Killed Psyche
 13989 | D:10     | Reached XP level 10. HP: 40/86 MP: 11/11
 14269 | D:9      | Upgraded the game from 0.28-a0-422-gd71735cc25 to
                  | 0.28-a0-425-gd0eccab798
 14313 | D:10     | Found a burning altar of Makhleb.
 14824 | D:11     | Reached skill level 5 in Armour
 14888 | D:11     | HP: 4/86 [something (5)]
 14916 | D:11     | HP: 3/86 [something (6)]
 14921 | D:11     | HP: 2/86 [something (1)]
 14929 | D:11     | Found a frozen archway.
 14931 | D:11     | HP: 3/86 [something (2)]
 14936 | D:11     | Slain by an unseen horror

Illustrated notes

Levels and vault maps discovered:
D:1:      onia_arrival_pentagram, layout_basic, serial_shops,
          nicolae_shop_waterfront, minmay_misc_feat_tower
D:2:      layout_basic, hellmonk_ecumenical_altar_blasted, minmay_snake_closets,
          uniq_jessica, uniq_terence
D:3:      layout_basic, nicolae_overflow_hidden_temple, okawaru_trees_2,
          bloody_trog
D:4:      layout_gridville, mainiacjoe_overflow_alcove_1,
          kiku_gazebo_pond_becter, kennysheep_generic_room_10,
          uniq_crazy_yiuf_cottage
D:5:      layout_basic
D:6:      layout_basic, minmay_temple_entry_ruins
D:7:      layout_loops_ring, fedhas_bush_and_centaur_altar
D:8:      layout_basic, nicolae_ossuary_entry_ruins,
          kennysheep_opposing_triangles
D:9:      layout_roguey, zin_academy, orc_0_dummy, serial_aquarium,
          aquarium_bridge_straight [aquarium_subvault_bridge,
          aquarium_subvault_window, aquarium_subvault_bridge,
          aquarium_subvault_wall], aquarium_window_fake, aquarium_window_1,
          aquarium_window_1, aquarium_window_corridor_1, aquarium_view_2e,
          aquarium_view_2b
D:10:     layout_basic, mainiacjoe_overflow_surrounded_room,
          grunt_temple_overflow_open, chequers_serial_rivers_small_3,
          minivault_4, minmay_misc_feat_enclosed, uniq_psyche
D:11:     layout_basic, lair_entry_dummy, portal_ice_cave_entry_pillars_1,
          uniq_erolcha, uniq_josephine

Skill      XL: |  1  2  3  4  5  6  7  8  9 10 |
---------------+-------------------------------+-----
Axes           | 3 4 5 6 8 9 |  9.8
Dodging        | 1 2 |  2.0
Armour         | 1 2 3 4 5 |  5.0
Fighting       | 4 5 7 |  7.3
Shields        | 2 4 |  4.9
Throwing       | 2 |  2.0
Spellcasting   | |  1.0
Fire Magic     | |  2.6

Action                   |  1- 3 |  4- 6 |  7- 9 | 10-12 || total
-------------------------+-------+-------+-------+-------++-------
Melee: Hand axe          |   128 |   256 |   699 |    62 ||  1145
       Headbutt          |       |    10 |   110 |     8 ||   128
Throw: Boomerang         |       |       |     2 |       ||     2
       Javelin           |       |       |     1 |       ||     1
 Cast: Scorch            |     1 |       |       |       ||     1
Invok: Foxfire Swarm     |       |       |     1 |       ||     1
Evoke: Wand              |       |       |     3 |     6 ||     9
  Use: Potion            |       |     2 |     4 |     5 ||    11
       Scroll            |       |     5 |    13 |     7 ||    25
 Stab: Invisible         |       |     3 |       |       ||     3
Armor: Robe              |    12 |       |       |       ||    12
       Ring mail         |    34 |    23 |       |       ||    57
       Scale mail        |       |   153 |   266 |       ||   419
       Chain mail        |       |       |    47 |   126 ||   173
       Skin              |       |       |    44 |       ||    44
Dodge: Dodged            |    74 |   137 |   227 |    39 ||   477
Block: Kite shield       |       |       |   232 |    57 ||   289

Table legend: (Time is in decaauts)
 A = Elapsed time spent in this place.
 B = Non-inter-level travel time spent in this place.
 C = Inter-level travel time spent in this place.
 D = Time resting spent in this place.
 E = Time spent auto-exploring this place.
 F = Levels seen in this place.
 G = Mean time per level.
                   A        B        C        D        E       F      G
               +--------+--------+--------+--------+--------+-----+--------+
         Total |  15152 |  13765 |   1387 |   4130 |   6437 |  12 | 1262.7 |
       Dungeon |  14940 |  13553 |   1387 |   4130 |   6300 |  11 | 1358.2 |
       Ossuary |    211 |    211 |      0 |      0 |    137 |   1 |  211.0 |
               +--------+--------+--------+--------+--------+-----+--------+

Top non-repeatable levels by time:
     D:1: 2225 daAuts
     D:8: 1719 daAuts
     D:7: 1717 daAuts
     D:6: 1669 daAuts
     D:2: 1452 daAuts
     D:3: 1430 daAuts
     D:9: 1425 daAuts
     D:5: 1040 daAuts
    D:10: 1033 daAuts
     D:4: 1007 daAuts
    D:11: 219 daAuts
 Ossuary: 211 daAuts
